 Dungeon Crawl Stone Soup version 0.27.1-1-g398f81649c (webtiles) character file.

Game seed: 17316820906405819035

185 chaosape the Fighter (level 5, -3/57 HPs)
             Began as a Gnoll Wanderer on Sept 9, 2021.
             Slain by an orc (9 damage)
             ... on level 2 of the Dungeon.
             The game lasted 00:16:30 (6470 turns).

chaosape the Fighter (Gnoll Wanderer)               Turns: 6470, Time: 00:16:32

Health: -3/57      AC:  3    Str:  8 (11) XL:     5   Next: 64%
Magic:  7/7        EV: 11    Int:  9 (11) God:
Gold:   69         SH:  0    Dex: 12 (13) Spells: 7/7 levels left

rFire    . . .     SeeInvis .   a - +2 short sword
rCold    . . .     Faith    .   (no shield)
rNeg     . . .     Spirit   .   i - +0 leather armour
rPois    .         Reflect  .   (no helmet)
rElec    .         Harm     .   (no cloak)
rCorr    .         Rampage  .   (no gloves)
Will     .....                  (no boots)
Stlth    ++........             (no amulet)
HPRegen  0.19/turn              (no ring)
MPRegen  0.10/turn              (no ring)

@: no status effects
A: fangs 1, strong nose, distributed training
a: no special abilities


You were on level 2 of the Dungeon.
You visited 1 branch of the dungeon, and saw 3 of its levels.

You collected 69 gold pieces.

Inventory:

Hand Weapons
 a - a +2 short sword (weapon)
 n - a +0 long sword
 o - a +0 war axe
 p - a +2 mace of draining
Missiles
 k - 2 poisoned darts (quivered)
 q - 3 boomerangs of dispersal
 r - 8 javelins
 s - 20 arrows
Armour
 d - a +0 robe
 i - a +0 leather armour (worn)
Magical Staves
 e - a staff of death
Scrolls
 c - 2 scrolls of acquirement {unknown}
 f - a scroll of vulnerability
 g - a scroll of brand weapon {unknown}
 l - a scroll of enchant armour {unknown}
 m - a scroll of torment {unknown}
Potions
 b - a potion of cancellation
 h - a potion of might


   Skills:
 + Level 12.1 Fighting
 + Level 3.0 Short Blades
 + Level 1.6 Long Blades
 + Level 1.6 Axes
 + Level 1.6 Maces & Flails
 + Level 1.6 Polearms
 + Level 1.6 Staves
 + Level 1.6 Slings
 + Level 1.6 Bows
 + Level 1.6 Crossbows
 + Level 1.6 Throwing
 + Level 1.6 Armour
 + Level 1.6 Dodging
 + Level 2.8 Stealth
 + Level 3.0 Shields
 + Level 3.0 Unarmed Combat
 + Level 1.6 Spellcasting
 + Level 1.2 Conjurations
 + Level 1.2 Hexes
 + Level 1.2 Summonings
 + Level 1.2 Necromancy
 + Level 1.2 Translocations
 + Level 1.2 Transmutations
 + Level 1.2 Fire Magic
 + Level 1.2 Ice Magic
 + Level 1.2 Air Magic
 + Level 1.2 Earth Magic
 + Level 1.2 Poison Magic
 + Level 1.8 Invocations
 + Level 1.6 Evocations


You had 7 spell levels left.
You didn't know any spells.
Your spell library contained the following spells:

 Spells                   Type           Power      Damage    Failure   Level
 Magic Dart               Conj           12%        1d3       28%         1
 Call Imp                 Summ           3%         N/A       41%         2
 Mephitic Cloud           Conj/Pois/Air  3%         N/A       65%         3


Dungeon Overview and Level Annotations

Branches:
Dungeon (3/15)

Altars:


Innate Abilities, Weirdness & Mutations

You have very sharp teeth.
Your uncanny sense of smell can sniff out nearby items.
Your experience applies equally to all skills.


Message History

The orc wizard casts a spell.
The orc wizard flickers and vanishes!
Deactivating autopickup; reactivate with Ctrl-A.
You hit something. The orc misses you. The orc hits you with a +0 flail.
You hit something. Something hits you. The orc hits you with a +0 hand axe!
The orc hits you with a +0 flail.
You barely miss something. Your bite misses something. Something hits you.
The orc barely misses you. The orc closely misses you.
You miss something. Something hits you. The orc hits you with a +0 hand axe.
The orc hits you with a +0 flail.
You hit something but do no damage. Something hits you but does no damage.
The orc closely misses you. The orc hits you with a +0 flail!
You barely miss something. Something hits you.
The orc hits you with a +0 hand axe. The orc barely misses you.
You miss something. Something hits you.
* * * LOW HITPOINT WARNING * * *
The orc hits you but does no damage. The orc hits you with a +0 flail.
* * * LOW HITPOINT WARNING * * *
Something hits you.
* * * LOW HITPOINT WARNING * * *
The orc barely misses you. The orc misses you.
You climb upwards.
Reactivating autopickup.
There is a stone staircase leading down here.
You hit the orc but do no damage. Something hits you but does no damage.
Deactivating autopickup; reactivate with Ctrl-A.
The orc closely misses you. x2
You hit the orc but do no damage. You bite the orc, but do no damage.
Something hits you.
* * * LOW HITPOINT WARNING * * *
The orc barely misses you. The orc hits you with a +0 flail.
* * * LOW HITPOINT WARNING * * *
You hit the orc. Your bite misses the orc.
The orc is lightly wounded.
You hear some strange, mumbled words.
A puff of flame appears from out of thin air!
The puff of flame hits you!
* * * LOW HITPOINT WARNING * * *
The orc misses you. The orc hits you with a +0 flail!
You die...

# ####.........#...##.......##. #
#####..........#.....#.##. ######
###..##..........#.##. .....#
#........<......)##. ...#.#
#######)##.....#.####.##.
.#.#.####.......###)..##.####.##.
.#........######.......#.....>##.
.###.###### #o{......#########
.....# #@..........# #### ######
#o.......##.# #...
#.##....###.###.##
##.##............##
#......#####.###### #..###.#
###.### # #....#.# #.<...# #
#......# #.....# ## #.##.#.#
#.....# #.


You could see 2 orcs.

Vanquished Creatures
  An orc priest (D:3)
  2 orc wizards (D:3)
  2 adders
  3 worms
  10 orcs (D:3)
  4 endoplasms
  5 giant cockroaches
  5 goblins
  4 hobgoblins (D:3)
  3 jackals (D:3)
  8 kobolds
  2 quokkas
  3 ball pythons
  3 bats
  4 frilled lizards
  8 rats
67 creatures vanquished.

Vanquished Creatures (others)
  An orc wizard (D:3)
1 creature vanquished.

Grand Total: 68 creatures vanquished

Notes
Turn   | Place    | Note
-------+----------+-------------------------------------------
     0 | D:1      | Reached skill level 12 in Fighting
     0 | D:1      | chaosape the Gnoll Wanderer began the quest for the Orb.
     0 | D:1      | chaosape set off with the following items: a +2 short
                  | sword, a potion of lignification, a scroll of
                  | teleportation, a +0 robe
     0 | D:1      | Reached XP level 1. HP: 31/31 MP: 1/1
   226 | D:1      | Reached XP level 2. HP: 38/38 MP: 2/2
   940 | D:1      | Found a faded altar of an unknown god.
  1267 | D:2      | Reached XP level 3. HP: 17/44 MP: 3/3
  1737 | D:2      | Reached skill level 1 in Invocations
  2096 | D:3      | Reached skill level 1 in Long Blades
  2096 | D:3      | Reached skill level 1 in Axes
  2096 | D:3      | Reached skill level 1 in Maces & Flails
  2096 | D:3      | Reached skill level 1 in Polearms
  2096 | D:3      | Reached skill level 1 in Staves
  2096 | D:3      | Reached skill level 1 in Slings
  2096 | D:3      | Reached skill level 1 in Bows
  2096 | D:3      | Reached skill level 1 in Crossbows
  2096 | D:3      | Reached skill level 1 in Throwing
  2096 | D:3      | Reached skill level 1 in Armour
  2096 | D:3      | Reached skill level 1 in Dodging
  2096 | D:3      | Reached skill level 1 in Spellcasting
  2096 | D:3      | Reached skill level 1 in Evocations
  2104 | D:3      | Reached XP level 4. HP: 34/50 MP: 5/5
  2305 | D:3      | Reached skill level 1 in Conjurations
  2305 | D:3      | Reached skill level 1 in Hexes
  2305 | D:3      | Reached skill level 1 in Summonings
  2305 | D:3      | Reached skill level 1 in Necromancy
  2305 | D:3      | Reached skill level 1 in Translocations
  2305 | D:3      | Reached skill level 1 in Transmutations
  2305 | D:3      | Reached skill level 1 in Fire Magic
  2305 | D:3      | Reached skill level 1 in Ice Magic
  2305 | D:3      | Reached skill level 1 in Air Magic
  2305 | D:3      | Reached skill level 1 in Earth Magic
  2305 | D:3      | Reached skill level 1 in Poison Magic
  2308 | D:3      | HP: 1/51 [orc priest/divine providence (17)]
  2312 | D:3      | Reached XP level 5. HP: 3/57 MP: 6/6
  6470 | D:2      | Slain by an orc

Illustrated notes

Levels and vault maps discovered:
D:1:      psy_arrival_fountain, layout_basic,
          hellmonk_ecumenical_altar_prayer_group, kennysheep_small_spiral
D:2:      layout_loops_cross
D:3:      layout_loops_ring, kennysheep_orc_sif_temple,
          mainiacjoe_overflow_boulevard, guppyfry_early_orc_mine

Skill      XL: |  1  2  3  4  5 |
---------------+----------------+-----
Fighting       | | 12.1
Invocations    | 1 |  1.8
Long Blades    | 1 |  1.6
Axes           | 1 |  1.6
Maces & Flails | 1 |  1.6
Polearms       | 1 |  1.6
Staves         | 1 |  1.6
Slings         | 1 |  1.6
Bows           | 1 |  1.6
Crossbows      | 1 |  1.6
Throwing       | 1 |  1.6
Armour         | 1 |  1.6
Dodging        | 1 |  1.6
Spellcasting   | 1 |  1.6
Evocations     | 1 |  1.6
Conjurations   | 1 |  1.2
Hexes          | 1 |  1.2
Summonings     | 1 |  1.2
Necromancy     | 1 |  1.2
Translocations | 1 |  1.2
Transmutations | 1 |  1.2
Fire Magic     | 1 |  1.2
Ice Magic      | 1 |  1.2
Air Magic      | 1 |  1.2
Earth Magic    | 1 |  1.2
Poison Magic   | 1 |  1.2
Short Blades   | 3 |  3.0
Shields        | 3 |  3.0
Unarmed Combat | 3 |  3.0
Stealth        | |  2.8

Action                   |  1- 3 |  4- 6 || total
-------------------------+-------+-------++-------
Melee: Short sword       |    90 |   144 ||   234
       Bite              |     6 |     9 ||    15
       Punch             |     1 |     1 ||     2
  Use: Scroll            |     2 |     2 ||     4
       Potion            |       |     6 ||     6
 Stab: Sleeping          |     9 |       ||     9
Armor: Robe              |     5 |       ||     5
       Leather armour    |     6 |    35 ||    41
       Skin              |       |     9 ||     9
Dodge: Dodged            |    32 |    60 ||    92
